 Dungeon Crawl Stone Soup version 0.22.0-60-ga52c2fc (webtiles) character file.

79 Monsterracer the Insei (level 4, -1/31 HPs)
             Began as an Octopode Monk on Sept 9, 2018.
             Slain by a wight
             ... wielding a +3 mace
              (2 damage)
             ... on level 2 of the Dungeon.
             The game lasted 00:01:25 (1645 turns).

Monsterracer the Insei (Octopode Monk)              Turns: 1645, Time: 00:01:26

Health: -1/31      AC:  1    Str: 10    XL:     4   Next: 37%
Magic:  4/4        EV: 14    Int: 13    God:
Gold:   25         SH:  0    Dex: 14    Spells: 3/3 levels left

rFire    . . .     SeeInvis .     - Unarmed
rCold    . . .     Gourm    .   (no shield)
rNeg     . . .     Faith    .   (helmet restricted)
rPois    .         Spirit   .   (no amulet)
rElec    .         Reflect  .   (no ring)
rCorr    .         Harm     .   (no ring)
MR       .....                  (no ring)
Stlth    +++.......             (no ring)
HPRegen  0.10/turn              (no ring)
MPRegen  0.09/turn              (no ring)
                                (no ring)
                                (no ring)

@: drained
A: almost no armour, stealthy swim, amphibious, 8 rings, constrict 8, camouflage
1, gelatinous body 1
a: no special abilities


You were on level 2 of the Dungeon.
You were not hungry.

You visited 1 branch of the dungeon, and saw 2 of its levels.

You collected 25 gold pieces.

Inventory:

Scrolls
 b - a scroll of enchant weapon {unknown}
 d - a scroll of random uselessness {unknown}
 e - 3 scrolls of identify {unknown}
 f - a scroll of enchant armour {unknown}
Potions
 a - a potion of ambrosia {unknown}
Comestibles
 c - 2 rations


   Skills:
 - Level 3.0(2.3) Fighting
 - Level 3.0(2.3) Dodging
 - Level 2.7(2.0) Stealth
 + Level 5.0(4.2) Unarmed Combat


You had 3 spell levels left.
You didn't know any spells.
Your spell library was empty.

Dungeon Overview and Level Annotations

Branches:
Dungeon (2/15)

Altars:


Innate Abilities, Weirdness & Mutations

You cannot wear most types of armour.
You are very stealthy in the water. (Stealth+)
You are amphibious.
You can wear up to eight rings at the same time.
You can use your tentacles to constrict eight enemies at once.
Your skin changes colour to match your surroundings (Stealth+).
Your rubbery body absorbs attacks. (AC +1, EV +1)


Message History

A hobgoblin comes into view.
Health restored: 31
Found a ration.
You barely miss the hobgoblin. You grab the hobgoblin.
You tentacle-slap the hobgoblin.
You kill the hobgoblin!
No target in view!
No target in view!
No target in view!
You butcher the hobgoblin corpse.
f - 2 chunks of flesh Eating one of 2 chunks of flesh.
You eat one of the 2 chunks of flesh.
This raw flesh tastes terrible.
You are feeling hungry.
Eating a chunk of flesh.
You eat the chunk of flesh.
This raw flesh tastes terrible.
c - 2 rations (gained 1)
A giant cockroach comes into view.
A giant cockroach is nearby!
A giant cockroach is nearby!
Found 9 gold pieces.
You barely miss the giant cockroach. You grab the giant cockroach.
You constrict the giant cockroach, but do no damage.
The giant cockroach bites you but does no damage.
You bludgeon the giant cockroach!
You kill the giant cockroach!
Your base Unarmed Combat skill increases to level 5!
Found a whip.
You see here a giant cockroach corpse.
Found a stone staircase leading down.
You now have 25 gold pieces (gained 9).
e - 3 scrolls labeled ESTIYW BOSIW (gained 1)
A kobold comes into view. It is wielding a club.
A kobold is nearby!
A kobold is nearby!
The kobold shouts!
Found 14 stones.
The kobold barely misses you.
You barely miss the kobold. Your grab misses the kobold.
The kobold hits you with a club.
You take 3 damage, and have 28/31 hp.
You tentacle-slap the kobold. Your grab misses the kobold.
The kobold is moderately wounded.
The kobold barely misses you.
You tentacle-slap the kobold. Your grab misses the kobold.
You squeeze the kobold.
You kill the kobold!
Key pressed, stopping explore.
No target in view!
You regained 2 hp, and now have 30/31 hp.
No target in view!
Found a stone staircase leading down.
Things that are here:
a club; a kobold corpse; Health restored: 31 No target in view!
Found 25 arrows.
f - a scroll labeled ONYDEAGUAT You see here 25 arrows.
Found 8 tomahawks.
You see here 8 tomahawks.
A wight comes into view. It is wielding a spear.
A wight is nearby!
A wight is nearby!
A hobgoblin and 3 wights come into view.
The wight misses you.
Found a scroll labeled AHI SETOODI.
You barely miss the wight. You grab the wight.
You squeeze the wight, but do no damage.
You constrict the wight. The wight hits you with a spear.
You take 6 damage, and have 25/31 hp.
You tentacle-slap the wight but do no damage.
The wight is lightly damaged.
You constrict the wight, but do no damage.
You tentacle-slap the wight but do no damage.
You squeeze the wight, but do no damage.
The wight is lightly damaged.
You constrict the wight, but do no damage.
The wight completely misses you.
You tentacle-slap the wight.
The wight is lightly damaged.
You constrict the wight, but do no damage.
The wight hits you with a spear!
You take 7 damage, and have 18/31 hp.
MASSIVE DAMAGE!!
You tentacle-slap the wight.
The wight is moderately damaged.
You constrict the wight. The wight completely misses you.
You tentacle-slap the wight.
The wight is almost destroyed.
You constrict the wight. The wight hits you with a spear.
* * * LOW HITPOINT WARNING * * *
You feel drained.
* * * LOW HITPOINT WARNING * * *
You take 6 damage, and have 12/31 hp.
You tentacle-slap the wight but do no damage.
The wight is almost destroyed.
You constrict the wight, but do no damage.
The wight hits you with an enchanted mace!
* * * LOW HITPOINT WARNING * * *
You feel drained.
You die...

#####......... ..#
#.#########.### #.#
##...##
#####<########...?.#
..†.............sg.#
....(.########..z..
..#...# #!.z #.#...#
#zz# #.#...# #.@## #
#.#...######
#...########.#
#.#........#
#....(.......##
#......###.#
###.####......#
......># #.# #.#
#(###..# ##...#.#
#.# #.# #.# .#
#...(.# #.# #.# #.#
#.#...# #.# #.# #.#
#.#...# #.# #.# #.#


You could see a scorpion, 4 wights and a hobgoblin (sleeping).

Vanquished Creatures
  A wight (D:2)
  A gnoll (D:2)
  A worm (D:2)
  A leopard gecko (D:1)
  A giant cockroach (D:2)
  A goblin (D:1)
  4 hobgoblins
  4 jackals (D:1)
  4 kobolds
  A bat (D:1)
  2 frilled lizards (D:1)
  4 rats
25 creatures vanquished.

Notes
Turn   | Place    | Note
-------+----------+-------------------------------------------
     0 | D:1      | Monsterracer the Octopode Monk began the quest for the Orb.
     0 | D:1      | Reached XP level 1. HP: 16/16 MP: 1/1
   217 | D:1      | HP: 7/16 [leopard gecko (4)]
   219 | D:1      | Reached XP level 2. HP: 10/21 MP: 2/2
   947 | D:2      | Reached skill level 4 in Unarmed Combat
  1070 | D:2      | Noticed a scorpion
  1073 | D:2      | Reached XP level 3. HP: 18/26 MP: 3/3
  1201 | D:2      | HP: 9/26 [wight/dagger (6)]
  1204 | D:2      | HP: 3/26 [wight/dagger (5)]
  1205 | D:2      | Reached XP level 4. HP: 3/31 MP: 4/4
  1206 | D:2      | HP: 1/31 [kobold (2)]
  1541 | D:2      | Reached skill level 5 in Unarmed Combat
  1644 | D:2      | HP: 13/31 [wight/spear (5)]
  1645 | D:2      | HP: 1/31 [wight/enchanted mace (11)]
  1645 | D:2      | Slain by a wight

Skill      XL: |  1  2  3  4 |
---------------+-------------+-----
Unarmed Combat | 4 5 |  5.0
Fighting       | |  3.0
Dodging        | |  3.0
Stealth        | |  2.7

Action                   |  1- 3 |  4- 6 || total
-------------------------+-------+-------++-------
Melee: Unarmed           |    49 |    16 ||    65
       Constrict         |    15 |     4 ||    19
       Tentacles         |    10 |     3 ||    13
       Punch             |       |     1 ||     1
 Stab: Sleeping          |     4 |       ||     4
  Eat: Chunk             |       |     2 ||     2
Armor: Skin              |     1 |     1 ||     2
Dodge: Dodged            |    27 |    12 ||    39

Vault maps used:
D:1:      dpeg_arrival_concentric_ovals
D:2:      first_ration, uniq_terence
